 Dungeon Crawl Stone Soup version 0.19.5 (webtiles) character file.

181 equalderp2856 the Skirmisher (level 5, -1/41 HPs)
             Began as a Mummy Fighter on Mar 31, 2017.
             Killed by divine providence
             ... invoked by an orc priest
              (11 damage)
             ... on level 3 of the Dungeon.
             The game lasted 00:08:20 (3258 turns).

equalderp2856 the Skirmisher (Mummy Fighter)        Turns: 3258, Time: 00:08:21

Health: -1/41      AC: 10    Str: 20    XL:     5   Next: 34%
Magic:  5/5        EV:  5    Int:  8    God:
Gold:   155        SH:  9    Dex: 11    Spells: 0 memorised, 4 levels left

rFire  x . .     SeeInvis .     a - +0 long sword
rCold  + . .     Gourm    .     i - +0 chain mail
rNeg   + + +     Faith    .     c - +0 shield
rPois  ∞         Spirit   .     (no helmet)
rElec  .         Reflect  .     (no cloak)
rCorr  .         Harm     .     (no gloves)
MR     .....                    j - +0 pair of boots
Stlth  ..........               (no amulet)
                                (no ring)
                                (no ring)

@: no status effects
A: no food or potions, fire vulnerability, cold resistance 1, negative energy
resistance 3, torment resistance, unbreathing
a: no special abilities


You were on level 3 of the Dungeon.
You were not hungry.

You visited 1 branch of the dungeon, and saw 3 of its levels.

You collected 155 gold pieces.

Inventory:

Hand Weapons
 a - a +0 long sword (weapon)
 l - a +1 vampiric short sword
 m - a +0 short sword
 s - a cursed -2 spear
Missiles
 g - 62 arrows
 h - 49 stones (quivered)
 u - 29 sling bullets
Armour
 b - a +0 scale mail
 c - a +0 shield (worn)
 i - a +0 chain mail (worn)
 j - a +0 pair of boots (worn)
 t - a +0 chain mail
Jewellery
 k - an uncursed ring of protection from magic {unknown}
 r - an uncursed ring of ice {unknown}
Scrolls
 d - 2 scrolls of magic mapping {unknown}
 e - 3 scrolls of amnesia {unknown}
 f - 2 scrolls of identify {unknown}
 n - a scroll of fog {unknown}
 o - 3 scrolls of remove curse {unknown}
 p - 2 scrolls of immolation {unknown}
 q - a scroll of random uselessness {unknown}


   Skills:
 + Level 3.4 Fighting
 + Level 3.0 Long Blades
 + Level 3.0 Armour
 + Level 0.8 Dodging
 + Level 0.1 Stealth
 + Level 3.3 Shields


You had 4 spell levels left.
You didn't know any spells.

Dungeon Overview and Level Annotations

Branches:
Dungeon (3/15)

Altars:
Fedhas
Gozag
Ru
Trog


Innate Abilities, Weirdness & Mutations

You do not eat or drink.
Your flesh is vulnerable to fire.
You are immune to poison.
Your flesh is cold resistant. (rC+)
You are immune to negative energy. (rN+++)
You are immune to unholy pain and torment.
You can survive without breathing.


Message History

a dagger; a goblin corpse The orc priest looks encouraged for a moment.
The orc priest looks braver for a moment.
The orc priest invokes the aid of Beogh against you.
Beogh smites you! The orc wizard casts a spell at you. The magic dart hits you!
* * * LOW HITPOINT WARNING * * *
The orc wizard casts a spell.
The orc wizard blinks!
Okay, then.
You block the orc wizard's attack.
The orc wizard casts a spell.
The orc wizard seems to speed up.
The orc wizard hits you but does no damage.
The orc wizard gestures wildly while chanting.
The orc wizard blinks!
The orc priest mumbles some strange prayers to Beogh against you.
Beogh smites you!
You die...

...................#
#................#.#
.##............##..#
.#.#.........o#o#..#
..#.##......##.#o..#
...##.#....#.##....#
...#.#.####.#.#....# ....#.#
#.#.....# .....## .##...@..#
....... ..........# .......
..........# .....## ..##......#
###### ....#.# .##.#.....# #.....
o..#.#.####.#.#....# #.....
...##.#....#.##....#########.....
..#.##......##.#.................
.#.#..........#.#......#####.....


You could see an orc priest, an orc wizard and an orc.

Vanquished Creatures
  4 adders
  7 gnolls
  An ooze (D:1)
  3 worms (D:2)
  A dart slug (D:2)
  A leopard gecko (D:2)
  An orc (D:3)
  5 bats (D:1)
  4 giant cockroaches
  6 goblins
  7 hobgoblins
  8 kobolds
  A quokka (D:3)
  6 frilled lizards
  11 rats
66 creatures vanquished.

Notes
Turn   | Place    | Note
-------+----------+-------------------------------------------
     0 | D:1      | equalderp2856 the Mummy Fighter began the quest for the Orb.
     0 | D:1      | Reached XP level 1. HP: 18/18 MP: 1/1
   210 | D:1      | Reached XP level 2. HP: 21/24 MP: 2/2
   711 | D:1      | Reached XP level 3. HP: 29/29 MP: 3/3
  1397 | D:2      | Found a faded altar of an unknown god.
  1590 | D:2      | Noticed a moth of wrath
  1593 | D:2      | Found a bloodstained altar of Trog.
  1631 | D:2      | Reached XP level 4. HP: 26/35 MP: 4/4
  2094 | D:2      | Found a blossoming altar of Fedhas.
  2321 | D:3      | Found a sacrificial altar of Ru.
  2323 | D:3      | Found an opulent altar of Gozag.
  2700 | D:3      | Reached XP level 5. HP: 30/41 MP: 5/5
  3258 | D:3      | Killed from afar by an orc priest

Skill      XL: |  1  2  3  4  5 |
---------------+----------------+-----
Long Blades    | 2 3 |  3.0
Shields        | 3 |  3.3
Armour         | 3 |  3.0
Fighting       | |  3.4
Dodging        | |  0.8
Stealth        | |  0.1

Action                   |  1- 3 |  4- 6 || total
-------------------------+-------+-------++-------
Melee: Long sword        |   131 |   142 ||   273
Armor: Scale mail        |    64 |       ||    64
       Chain mail        |    28 |   102 ||   130
Dodge: Dodged            |    42 |    32 ||    74
Block: Shield            |    89 |    76 ||   165
       Rpst.: Long sword |    13 |    10 ||    23
